[Event "*** MasterClass Titled Tuesday Blitz"]
[Site "Chess.com"]
[Date "2017.11.07"]
[Round "1"]
[White "champ2005"]
[Black "zane33"]
[Result "1-0"]
[WhiteElo "2456"]
[BlackElo "1901"]
[TimeControl "180+2"]
[EndTime "14:05:43 PST"]
[Termination "champ2005 won by resignation"]

1. e4 Nf6 2. e5 Nd5 3. d4 d6 4.
Nf3 Nc6 5. exd6 cxd6 6. c3 g6 7. Bd3 Bg7 8. O-O O-O 9. Nbd2 e5 10. Nb3 f5 11. Bc4 Be6 12. dxe5 dxe5 13. Ng5 Qc8 14. Nxe6 Nce7 15. Bxd5 1-0

[Event "*** MasterClass Titled Tuesday Blitz"]
[Site "Chess.com"]
[Date "2017.11.07"]
[Round "1"]
[White "Vrolijk"]
[Black "blitzcopter"]
[Result "1-0"]
[WhiteElo "2466"]
[BlackElo "1992"]
[TimeControl "180+2"]
[EndTime "14:05:57 PST"]
[Termination "Vrolijk won by resignation"]

1. e4 c6 2. Nc3 d5 3. Nf3 Bg4 4. h3 Bxf3 5. Qxf3 e6 6. d3 Nf6 7.
Qg3 d4 8. Nd1 Bb4+ 9. c3 dxc3 10. bxc3 Qd4 11. Bd2 Nxe4 12. dxe4 Qxe4+ 13. Ne3 Bd6 1-0

[Event "*** MasterClass Titled Tuesday Blitz"]
[Site "Chess.com"]
[Date "2017.11.07"]
[Round "1"]
[White "MateusViageiro"]
[Black "Aygehovit1992"]
[Result "1-0"]
[WhiteElo "2266"]
[BlackElo "2518"]
[TimeControl "180+2"]
[EndTime "14:05:59 PST"]
[Termination "MateusViageiro won by resignation"]

1. e4 c5 2. Nf3 e6 3. d4 cxd4 4. Nxd4 Nc6 5. Nxc6 bxc6 6. Bd3 d5 7. O-O Nf6 8. e5 Nd7 9. f4 Qb6+ 10. Kh1 c5 11. c4 Bb7 12. Nc3 Qc6 13. cxd5 exd5 14. Bb5 Qc8 15. Nxd5 Bc6 16. Bxc6 Qxc6 17. Re1 Nb6 18. Nf6+ Ke7 19. Ne4 Rd8 20. Qf3 Ke8 21. Nf6+ 1-0

[Event "*** MasterClass Titled Tuesday Blitz"]
[Site "Chess.com"]
[Date "2017.11.07"]
[Round "1"]
[White "plouarzel"]
[Black "FearNoEvil12"]
[Result "1-0"]
[WhiteElo "2470"]
[BlackElo "2023"]
[TimeControl "180+2"]
[EndTime "14:05:59 PST"]
[Termination "plouarzel won by resignation"]

1. e4 a6 2. d4 b5 3. Bd3 Bb7 4. Qe2 e6 5. f4 Nf6 6. Nf3 c5 7. c3 Qb6 8. Be3 Nxe4 9. O-O d5 10. Ne5 Nc6 11. Nxc6 Qxc6 12. f5 O-O-O 13. a4 cxd4 14.
cxd4 b4 15. Rc1 Qxc1+ 16. Bxc1 exf5 17. Bxa6 Bd6 18. Bxb7+ Kxb7 19. Qb5+ Kc7 20. Nd2 Rhe8 21. Nxe4 fxe4 22. Bg5 f6 23. Rc1+ 1-0

[Event "*** MasterClass Titled Tuesday Blitz"]
[Site "Chess.com"]
[Date "2017.11.07"]
[Round "1"]
[White "ChristoferPeterson"]
[Black "Taron_Shagbazyan"]
[Result "0-1"]
[WhiteElo "2285"]
[BlackElo "2561"]
[TimeControl "180+2"]
[EndTime "14:06:28 PST"]
[Termination "Taron_Shagbazyan won by resignation"]

1. e4 c5 2. Nf3 d6 3. d4 cxd4 4. Nxd4 Nf6 5. Nc3 a6 6. Bg5 Nbd7 7. f4 b5 8. Qf3 Bb7 9. O-O-O Rc8 10. Kb1 e6 11. g4 b4 12. Nd5 exd5 13. e5 dxe5 14. fxe5 Nxe5 15. Re1 Ne4 16. Qf4 Qxg5 17. Rxe4 Qxf4 18.
Rxf4 Bd6 19. Nf5 Kd7 20. Bg2 g6 21. Nh6 Rhe8 22. Rff1 Re7 23. Rd1 Nc4 24. Rhf1 0-1

[Event "*** MasterClass Titled Tuesday Blitz"]
[Site "Chess.com"]
[Date "2017.11.07"]
[Round "1"]
[White "Maitreia"]
[Black "rpragchess"]
[Result "0-1"]
[WhiteElo "2486"]
[BlackElo "2250"]
[TimeControl "180+2"]
[EndTime "14:06:30 PST"]
[Termination "rpragchess won by resignation"]

1. c4 e5 2. g3 Nf6 3. Bg2 c6 4. Nf3 e4 5. Nd4 Qb6 6. Nc2 d5 7. cxd5 cxd5 8. O-O Nc6 9. Nc3 Be7 10. d3 Bf5 11.
dxe4 dxe4 12. Ne3 Rd8 13. Qc2 Nd4 14. Qb1 Bg6 15. b3 Bb4 16. Nxe4 Nxe2+ 17. Kh1 Nxe4 18. Bxe4 Nc3 19. Bxg6 Nxb1 20. Bxb1 Bc3 21. Ba3 Bxa1 22. Nd5 Rxd5 0-1

[Event "*** MasterClass Titled Tuesday Blitz"]
[Site "Chess.com"]
[Date "2017.11.07"]
[Round "1"]
[White "ChadBiryani"]
[Black "Incognito_Knight"]
[Result "0-1"]
[WhiteElo "2194"]
[BlackElo "2499"]
[TimeControl "180+2"]
[EndTime "14:06:48 PST"]
[Termination "Incognito_Knight won by resignation"]

1. d4 Nf6 2. Bf4 c5 3. d5 e6 4. dxe6 fxe6 5. c4 Nc6 6. Nc3 Be7 7. e3 O-O 8. h3 d5 9. Nf3 d4 10. exd4 cxd4 11. Nb5 e5 12. Nxe5 Bb4+ 13. Ke2 Re8 14. a3 Bf8 15. Qb3 Nxe5 0-1

[Event "*** MasterClass Titled Tuesday Blitz"]
[Site "Chess.com"]
[Date "2017.11.07"]
[Round "1"]
[White "MITerryble"]
[Black "Patov"]
[Result "1-0"]
[WhiteElo "2605"]
[BlackElo "2337"]
[TimeControl "180+2"]
[EndTime "14:07:14 PST"]
[Termination "MITerryble won by resignation"]

1. d4 e6 2. c4 f5 3. g3 Nf6 4. Bg2 c6 5. Nf3 d5 6. O-O Bd6 7. b3 O-O 8. a4 b6 9. Qc2 Bb7 10. Ba3 Qe7 11. Bxd6 Qxd6 12. a5 Nbd7 13. e3 c5 14. Nc3 Bc6 15. Rfd1 dxc4 16. bxc4 cxd4 17. exd4 Ne4 18. d5 exd5 19. cxd5 Bb7 20. Nxe4 fxe4 21.
Qxe4 Nf6 22. Qe6+ Qxe6 23. dxe6 b5 24. a6 Bd5 25. Nd4 Rfe8 26. Nxb5 Bxg2 27. Kxg2 1-0

[Event "*** MasterClass Titled Tuesday Blitz"]
[Site "Chess.com"]
[Date "2017.11.07"]
[Round "1"]
[White "josiwales"]
[Black "Alexander_Donchenko"]
[Result "0-1"]
[WhiteElo "2377"]
[BlackElo "2659"]
[TimeControl "180+2"]
[EndTime "14:07:24 PST"]
[Termination "Alexander_Donchenko won by resignation"]

1. e4 c5 2. Nc3 a6 3. g3 b5 4.
Bg2 Bb7 5. d3 e6 6. f4 b4 7.
Nce2 d5 8. e5 Nh6 9. Nf3 Nf5 10.
O-O h5 11. h3 Be7 12. d4 Nc6 13. c3 Qb6 14. a3 cxd4 15. cxd4 Ncxd4 16. Nexd4 Bc5 17.
Kh2 Nxd4 18. Nxd4 Bxd4 19. Qd3 a5 20. axb4 Ba6 21. b5 Bxb5 22. Qb3 Bxf1 23. Qxb6 Bxb6 24.
Bxf1 Ke7 25. b3 Rhc8 26. Ba3+ Bc5 27. Bb2 Bb4 28. Bd3 g6 29. Bd4 Bc3 0-1

[Event "*** MasterClass Titled Tuesday Blitz"]
[Site "Chess.com"]
[Date "2017.11.07"]
[Round "1"]
[White "MattyDPerrine"]
[Black "chidori_boruto"]
[Result "1-0"]
[WhiteElo "2286"]
[BlackElo "2542"]
[TimeControl "180+2"]
[EndTime "14:07:28 PST"]
[Termination "MattyDPerrine won by resignation"]

1. c4 c6 2. e4 d5 3. exd5 cxd5 4. d4 Nf6 5. Nc3 Nc6 6. cxd5 Nxd5 7. Bc4 e6 8. Nf3 Be7 9. O-O O-O 10. a3 b6 11.
Qd3 Bb7 12. Bb3 Rc8 13. Bc2 Nf6 14. Bg5 g6 15. Bh6 Re8 16. Rad1 Na5 17. Ne5 Qd5 18. Nxd5 Bxd5 19. Qe2 Nc4 20. Nxc4 Bxc4 21. Bd3 Bd5 22. Rc1 Rcd8 23. Bb5 Nd7 24. Rc7 1-0

[Event "*** MasterClass Titled Tuesday Blitz"]
[Site "Chess.com"]
[Date "2017.11.07"]
[Round "1"]
[White "fidetrainerNET"]
[Black "chessdude"]
[Result "0-1"]
[WhiteElo "2040"]
[BlackElo "2473"]
[TimeControl "180+2"]
[EndTime "14:07:44 PST"]
[Termination "chessdude won by checkmate"]

1. e4 c5 2. Nf3 d6 3. c4 e5 4. Nc3 Nc6 5. h3 g6 6. d3 Bg7 7.
Be2 Nge7 8. O-O O-O 9. a3 a5 10. Nd5 Nxd5 11. cxd5 Ne7 12. Bd2 b5 13. b4 cxb4 14.
axb4 a4 15. d4 exd4 16. Bxb5 f5 17. exf5 Bxf5 18. Rxa4 Kh8 19. Ng5 Rxa4 20. Qxa4 Nxd5 21. Bc6 Ne3 22. Nxh7 Nxf1 23. Nxf8 Nxd2 24. g4 Qxf8 25. gxf5 Qxf5 26. Qa8+ Kh7 27. b5 Qb1+ 28. Kh2 Be5+ 29. Kg2 Qf1# 0-1

[Event "*** MasterClass Titled Tuesday Blitz"]
[Site "Chess.com"]
[Date "2017.11.07"]
[Round "1"]
[White "kikydu96"]
[Black "VerdeNotte"]
[Result "0-1"]
[WhiteElo "2407"]
[BlackElo "2680"]
[TimeControl "180+2"]
[EndTime "14:07:57 PST"]
[Termination "VerdeNotte won by resignation"]

1. e4 c5 2. Nf3 d6 3. d4 cxd4 4.
Nxd4 Nf6 5. Nc3 g6 6. g3 Nc6 7. Bg2 Nxd4 8. Qxd4 Bg7 9. O-O O-O 10. h3 Be6 11.
Qd1 Nd7 12. Be3 Ne5 13. Nd5 Nc4 14. Bd4 Nxb2 15. Bxb2 Bxb2 16. Rb1 Bg7 17. Rxb7 Re8 18. Nc7 Bc8 19. Nxe8 Bxb7 20. Nxg7 Kxg7 21. Qd4+ e5 22.
Qd3 Qb6 23. Qb3 Rc8 24. Rd1 Rc6 25. Bf1 Qc7 26. Bd3 Rb6 27. Qa3 Qc5 28. Qxa7 Rb1 0-1

[Event "*** MasterClass Titled Tuesday Blitz"]
[Site "Chess.com"]
[Date "2017.11.07"]
[Round "1"]
[White "Too_Stupid_To_Play"]
[Black "Rodalquilar"]
[Result "0-1"]
[WhiteElo "2198"]
[BlackElo "2506"]
[TimeControl "180+2"]
[EndTime "14:08:11 PST"]
[Termination "Rodalquilar won by resignation"]

1. Nf3 d5 2. c4 e6 3. g3 Nf6 4. Bg2 Be7 5. O-O O-O 6. d4 dxc4 7. Ne5 Qd6 8. Nxc4 Qa6 9. b3 Rd8 10. Bb2 c5 11. e3 Nc6 12. Qc1 cxd4 13. Bxc6 Qxc6 14. Bxd4 Qf3 15. Ne5 Qh5 16. Qc7 Nd5 17.
Qa5 b6 18. Qa4 Bb7 19. Nc6 Rdc8 20. Rc1 Rxc6 21. Rxc6 Qd1+ 22. Kg2 Nb4 23. Nc3 Qxa1 24. Nd5 Bxc6 25. Qxc6 Nxc6 26. Nxe7+ Nxe7 27. Bxa1 Rc8 0-1

[Event "*** MasterClass Titled Tuesday Blitz"]
[Site "Chess.com"]
[Date "2017.11.07"]
[Round "1"]
[White "Koksik_13"]
[Black "Hasangatin_Ramil"]
[Result "1-0"]
[WhiteElo "1908"]
[BlackElo "2434"]
[TimeControl "180+2"]
[EndTime "14:08:18 PST"]
[Termination "Koksik_13 won by resignation"]

1. e4 d5 2. exd5 Qxd5 3. Nc3 Qd6 4. d4 Nf6 5. Nf3 c6 6. Be2 Bg4 7. Ne5 Bxe2 8. Qxe2 Qxd4 9. O-O Nbd7 10. Nxd7 Qxd7 11.
Rd1 Qc7 12. Bg5 e6 13. Bxf6 gxf6 14. Rd3 Be7 15. Rad1 Rd8 16. Rxd8+ Bxd8 17. Ne4 Be7 18. Qe3 f5 19. Nc5 Qb6 20. Qe5 O-O 21. Nd7 Rd8 22. Rd3 Rxd7 23. Rxd7 Bf8 24. Qf6 Qb4 25. Qxf7+ 1-0

[Event "*** MasterClass Titled Tuesday Blitz"]
[Site "Chess.com"]
[Date "2017.11.07"]
[Round "1"]
[White "djogrodek1"]
[Black "danyuffa"]
[Result "0-1"]
[WhiteElo "2358"]
[BlackElo "2633"]
[TimeControl "180+2"]
[EndTime "14:08:29 PST"]
[Termination "danyuffa won by resignation"]

1. e4 c6 2. d4 d5 3. Nd2 dxe4 4. Nxe4 Bf5 5. Ng3 Bg6 6. h4 h6 7. Nf3 Nd7 8. h5 Bh7 9. Bd3 Bxd3 10. Qxd3 e6 11.
Bd2 Ngf6 12. O-O-O Bd6 13. Ne4 Nxe4 14. Qxe4 Nf6 15.
Qe2 Bc7 16. c4 b5 17. Ne5 bxc4 18. Qxc4 O-O 19. Nxc6 Qd7 20. Kb1 Rfc8 21. Rc1 Bd6 22. g4 Rc7 23. Rh3 Rac8 24. Rhc3 Ne4 25. R3c2 Nxd2+ 26. Rxd2 Rxc6 0-1

[Event "*** MasterClass Titled Tuesday Blitz"]
[Site "Chess.com"]
[Date "2017.11.07"]
[Round "1"]
[White "Fy_Rakotomaharo"]
[Black "TijanaBlagojevic"]
[Result "1-0"]
[WhiteElo "2453"]
[BlackElo "1769"]
[TimeControl "180+2"]
[EndTime "14:08:31 PST"]
[Termination "Fy_Rakotomaharo won by resignation"]

1. e4 e5 2. Nf3 Nc6 3. Bc4 Bc5 4. c3 Nf6 5. d3 O-O 6. O-O d5 7. exd5 Nxd5 8. Re1 Bg4 9. Nbd2 Nb6 10. Bb5 Bd6 11. Nc4 Nxc4 12. dxc4 f5 13. Qd5+ Kh8 14.
Ng5 Qf6 15. c5 Be7 16. Bxc6 bxc6 17. Qxe5 Qxe5 18. Rxe5 Bf6 19. Re1 Rfe8 20. Bf4 h6 21.
Nf7+ Kg8 22. Ne5 g5 23. Nxg4 fxg4 24. Bxc7 Kf7 25. g3 Rec8 26. Bd6 h5 27. Kg2 h4 28. h3 gxh3+ 29. Kxh3 hxg3 30. fxg3 Rh8+ 31. Kg2 a5 32. a4 Ra7 33. Re2 Rb7 34. Rf1 Kg7 35. Rxf6 1-0

[Event "*** MasterClass Titled Tuesday Blitz"]
[Site "Chess.com"]
[Date "2017.11.07"]
[Round "1"]
[White "yurisolo"]
[Black "amurdercastle"]
[Result "1-0"]
[WhiteElo "2578"]
[BlackElo "2306"]
[TimeControl "180+2"]
[EndTime "14:08:35 PST"]
[Termination "yurisolo won by checkmate"]

1. e4 c6 2. d4 d5 3. e5 Bf5 4. Nf3 e6 5. Be2 Ne7 6. O-O Bg6 7. Nbd2 Nf5 8. Nb3 Be7 9. g4 Nh4 10. Nxh4 Bxh4 11. f4 f5 12. exf6 Bf5 13. gxf5 Qxf6 14. fxe6 O-O 15. f5 g6 16. Bd3 g5 17. Qg4 Na6 18.
Bf4 Rae8 19. Be5 Qe7 20. f6 Qxe6 21. Bxh7+ Kxh7 22. Qh5+ Kg8 23. Qg6+ Kh8 24. Qg7# 1-0

[Event "*** MasterClass Titled Tuesday Blitz"]
[Site "Chess.com"]
[Date "2017.11.07"]
[Round "1"]
[White "wanyaland"]
[Black "ArnaudovP"]
[Result "1-0"]
[WhiteElo "2238"]
[BlackElo "2494"]
[TimeControl "180+2"]
[EndTime "14:08:43 PST"]
[Termination "wanyaland won by resignation"]

1. Nf3 Nf6 2. g3 d5 3. Bg2 e6 4. c4 d4 5. O-O c5 6. e3 Nc6 7. a3 a5 8. exd4 cxd4 9. d3 e5 10. Nxe5 Nxe5 11. Re1 Bd6 12. f4 Bg4 13. Qc2 Nd7 14.
fxe5 Nxe5 15. Bf4 Qe7 16. Bxe5 Bxe5 17. Bxb7 O-O 18. Bxa8 Rxa8 19. Qf2 Qc7 20. Nd2 h5 21. Nf3 Bf6 22. b4 Qd7 23. b5 Qf5 24. Ne5 Qh7 25. Nxg4 hxg4 26. Re4 Bg5 27. Rae1 Be3 28. R1xe3 dxe3 29. Qxe3 Rf8 30. b6 Qg6 31. b7 Qd6 32. Re8 1-0

[Event "*** MasterClass Titled Tuesday Blitz"]
[Site "Chess.com"]
[Date "2017.11.07"]
[Round "1"]
[White "Zufi1811"]
[Black "BilodeauA"]
[Result "0-1"]
[WhiteElo "2438"]
[BlackElo "2807"]
[TimeControl "180+2"]
[EndTime "14:08:46 PST"]
[Termination "BilodeauA won by resignation"]

1. e4 c5 2. Nf3 Nc6 3. Bb5 e6 4. O-O Nge7 5. Re1 Nd4 6. Nxd4 cxd4 7. c3 a6 8. Bf1 Nc6 9. d3 Bc5 10. Nd2 O-O 11. a3 d6 12. b4 dxc3 13. bxc5 cxd2 14. Qxd2 dxc5 15. Bb2 e5 16. Rac1 b6 17. f4 f6 18.
Be2 Nd4 19. Bd1 Be6 20. Rf1 Qd6 21. h3 b5 22. f5 Bf7 23. g4 c4 24. Rf2 Rac8 25.
dxc4 Rxc4 26. Rxc4 bxc4 27. Bc3 Rb8 28. Bb4 Qc6 29.
Bc2 Rd8 30. Qe3 Qb6 31. Bd1 a5 32. Bc3 Qc5 33. Rd2 Nf3+ 34. Kf2 Qxe3+ 35. Kxe3 Nxd2 36.
Bxd2 c3 0-1

[Event "*** MasterClass Titled Tuesday Blitz"]
[Site "Chess.com"]
[Date "2017.11.07"]
[Round "1"]
[White "calemcc"]
[Black "saikrishnaReturns"]
[Result "1-0"]
[WhiteElo "2234"]
[BlackElo "2491"]
[TimeControl "180+2"]
[EndTime "14:08:55 PST"]
[Termination "calemcc won by resignation"]

1. d4 Nf6 2. c4 g6 3. f3 Bg7 4. e4 d6 5. Nc3 O-O 6. Be3 Nc6 7. Nge2 a6 8. Qd2 Rb8 9. h4 h5 10. O-O-O b5 11. Bh6 e5 12. g4 hxg4 13. h5 gxf3 14. Ng3 Ng4 15. Bxg7 Kxg7 16. Bh3 Qf6 17. Nd5 Qh4 18.
Bxg4 Qxg4 19. hxg6 fxg6 20. Qh6+ Kf7 21. Qh7+ Ke8 22.
Qg7 Qxg3 23. Rdg1 Qxg1+ 24. Rxg1 Be6 25. Nxc7+ Kd8 26. Nxe6+ Ke8 27. Qxf8+ Kd7 28. Qf7+ Ne7 29. Nf8+ 1-0

[Event "*** MasterClass Titled Tuesday Blitz"]
[Site "Chess.com"]
[Date "2017.11.07"]
[Round "1"]
[White "thegreendog"]
[Black "Msb2"]
[Result "0-1"]
[WhiteElo "2369"]
[BlackElo "2643"]
[TimeControl "180+2"]
[EndTime "14:08:59 PST"]
[Termination "Msb2 won by resignation"]

1. d4 Nf6 2. c4 e6 3. Nf3 d5 4. g3 Bb4+ 5. Bd2 Be7 6. Bg2 Nbd7 7. O-O c6 8. Qc2 O-O 9. b3 b6 10. Nc3 Ba6 11. cxd5 cxd5 12. Rfe1 Rc8 13. Qb2 Bd6 14. Bf4 Bxf4 15. gxf4 Qc7 16. Qa3 Bb7 17. Nb5 Qxf4 18. Qxa7 Bc6 19. Qa4 Ne4 20. Qb4 Bxb5 21. Qxb5 Qd6 22. Rac1 Ndf6 23. Ne5 Nc3 24. Qa6 Ra8 25. Qb7 Nxa2 26. Rc6 Qb4 27. Ra1 Qxd4 0-1

[Event "*** MasterClass Titled Tuesday Blitz"]
[Site "Chess.com"]
[Date "2017.11.07"]
[Round "1"]
[White "chess2matters"]
[Black "VladDobrov"]
[Result "0-1"]
[WhiteElo "2396"]
[BlackElo "2669"]
[TimeControl "180+2"]
[EndTime "14:09:08 PST"]
[Termination "VladDobrov won by resignation"]

1. d4 Nf6 2. c4 e6 3. Nc3 Bb4 4. Qc2 d5 5. cxd5 exd5 6. Bg5 h6 7. Bxf6 Qxf6 8. e3 c6 9. Bd3 O-O 10. h3 Re8 11. Nf3 Bd6 12. O-O-O Na6 13. Bxa6 bxa6 14. Qa4 Bf5 15. Qxa6 Rab8 16. Rd2 Rb6 17. Qxa7 Reb8 18. Ne5 Bxe5 19. dxe5 Qxe5 20. Qa3 Rb4 21. Rhd1 Be6 22. Rd4 c5 23. R4d2 d4 24. exd4 cxd4 25.
Ne2 Bf5 26. Nxd4 Rxd4 27. Rxd4 Rc8+ 0-1

[Event "*** MasterClass Titled Tuesday Blitz"]
[Site "Chess.com"]
[Date "2017.11.07"]
[Round "1"]
[White "FairChess_on_YouTube"]
[Black "PositionalGenius"]
[Result "1-0"]
[WhiteElo "2776"]
[BlackElo "2422"]
[TimeControl "180+2"]
[EndTime "14:09:12 PST"]
[Termination "FairChess_on_YouTube won by resignation"]

1. d4 Nf6 2. c4 e6 3. Nc3 d5 4. cxd5 exd5 5. Bg5 Nbd7 6. e3 c6 7. Bd3 Be7 8. Nge2 Nh5 9. Bxe7 Qxe7 10. Qc2 g6 11.
O-O-O Nb6 12. Kb1 Be6 13. Rc1 O-O-O 14. Na4 Nxa4 15. Qxa4 Kb8 16. Rc3 Bf5 17. Bxf5 gxf5 18. Rhc1 f4 19. Ra3 a6 20. Rb3 Kc8 21. Rxc6+ bxc6 22. Qxa6+ Kd7 23. Rb7+ Ke6 24. Rxe7+ Kxe7 25. Qxc6 f6 26.
Nc3 fxe3 27. Nxd5+ Rxd5 28. Qxd5 exf2 29. Qf3 1-0

[Event "*** MasterClass Titled Tuesday Blitz"]
[Site "Chess.com"]
[Date "2017.11.07"]
[Round "1"]
[White "Salem-AR"]
[Black "IamSchrodingersCat"]
[Result "1-0"]
[WhiteElo "2793"]
[BlackElo "2432"]
[TimeControl "180+2"]
[EndTime "14:09:17 PST"]
[Termination "Salem-AR won by resignation"]

1. d4 Nf6 2. c4 e5 3. Nf3 exd4 4. Nxd4 Bc5 5. Nc3 O-O 6. Bg5 h6 7. Bh4 d6 8. e3 Re8 9. Be2 a5 10.
O-O Nbd7 11. Rc1 c6 12. Na4 Ne5 13. Nxc5 dxc5 14. Nf3 Qe7 15. Nxe5 Qxe5 16. Qb3 Ne4 17. Rfd1 a4 18. Qa3 Bf5 19. f3 Nf6 20. e4 Nh5 21.
Bf1 Bg6 22. Bf2 b6 23. Qc3 Qg5 24. Be3 Qh4 25. Rd6 Rac8 26. Rcd1 Red8 27. g3 Qe7 28. Qd2 Rxd6 29. Qxd6 Qxd6 30. Rxd6 Kf8 31. e5 f5 32. Rxg6 1-0

[Event "*** MasterClass Titled Tuesday Blitz"]
[Site "Chess.com"]
[Date "2017.11.07"]
[Round "1"]
[White "northridgehawk"]
[Black "jncool68"]
[Result "0-1"]
[WhiteElo "1948"]
[BlackElo "2457"]
[TimeControl "180+2"]
[EndTime "14:09:19 PST"]
[Termination "jncool68 won by resignation"]

1. e4 c5 2. Nf3 d6 3. d4 cxd4 4. Nxd4 Nf6 5. Nc3 a6 6. h3 e6 7. g4 h6 8. Be3 b5 9. Bg2 Bb7 10.
Qe2 b4 11. Nd5 exd5 12. exd5 Be7 13. Nf5 Kf8 14. Bb6 Qd7 15. O-O-O g6 16. Nxh6 Rxh6 17. g5 Rh7 18. gxf6 Bxf6 19. Rhe1 Kg7 20. Qf3 Qf5 21. Qxf5 gxf5 22. Bc7 Be5 23. Kb1 Nd7 24. f4 Bxf4 25. Rf1 Be5 26. Rxf5 Rc8 27. Ba5 Rh6 28. Bxb4 Rf6 29. Rg5+ Rg6 30. Rxg6+ fxg6 31. Bf3 Nf6 32. b3 Rh8 33. Bg2 Rh5 34. Rd3 Rg5 35. Rd2 Bxd5 36. Bxd5 Rg1+ 0-1

[Event "*** MasterClass Titled Tuesday Blitz"]
[Site "Chess.com"]
[Date "2017.11.07"]
[Round "1"]
[White "KamilPlichta"]
[Black "AllStarShark"]
[Result "1-0"]
[WhiteElo "2573"]
[BlackElo "2301"]
[TimeControl "180+2"]
[EndTime "14:09:22 PST"]
[Termination "KamilPlichta won by checkmate"]

1. Nf3 d5 2. g3 c6 3. Bg2 Bg4 4. O-O Bxf3 5. Bxf3 e5 6. d3 Bd6 7. c4 Ne7 8. Nc3 dxc4 9. dxc4 O-O 10. Qb3 Qc7 11. Ne4 Nf5 12. Nxd6 Nxd6 13. Rd1 Nf5 14. e3 Na6 15. Qc2 Ne7 16. b3 Rfd8 17. Bb2 Ng6 18.
h4 f6 19. a3 Rxd1+ 20. Rxd1 Rd8 21. b4 Rxd1+ 22. Qxd1 Nb8 23. h5 Nf8 24. Bg4 Nfd7 25. c5 g6 26. Qb3+ Kg7 27. Qe6 Nf8 28. Qe8 a6 29. h6+ Kxh6 30. Qxf8+ Kg5 31. Be2 Qd7 32. Qd6 Qf5 33. f4+ exf4 34. exf4+ Kh6 35. Qf8# 1-0

[Event "*** MasterClass Titled Tuesday Blitz"]
[Site "Chess.com"]
[Date "2017.11.07"]
[Round "1"]
[White "maciek_92"]
[Black "Jadeit90"]
[Result "1-0"]
[WhiteElo "2566"]
[BlackElo "2294"]
[TimeControl "180+2"]
[EndTime "14:09:22 PST"]
[Termination "maciek_92 won by resignation"]

1. c4 g6 2. Nc3 Bg7 3. g3 Nf6 4. Bg2 O-O 5. d4 c5 6. e3 cxd4 7. exd4 d6 8. Nge2 Nc6 9. O-O a6 10. h3 Rb8 11. b3 Bd7 12. Be3 b5 13. c5 dxc5 14. dxc5 Qc8 15. Kh2 Rd8 16. Qc1 b4 17. Na4 Qc7 18. Nb6 Bf5 19. Bf4 e5 20. Bg5 h6 21.
Bxf6 Bxf6 22. Nd5 Rxd5 23. Bxd5 e4 24. Rb1 e3 25. Qxe3 Bxb1 26. Rxb1 Qd7 27. Qe4 Re8 28. Qxg6+ Bg7 29. Qxc6 Qxc6 30. Bxc6 Rxe2 31. Bg2 Rxf2 32. c6 Be5 33. Re1 f6 34. Re4 a5 35.
Rc4 Bc7 36. Rd4 Rc2 37. Rd7 Bb6 38. Rb7 1-0

[Event "*** MasterClass Titled Tuesday Blitz"]
[Site "Chess.com"]
[Date "2017.11.07"]
[Round "1"]
[White "LonesomeGeorge1"]
[Black "Khamrakulov_Djurabek"]
[Result "0-1"]
[WhiteElo "2267"]
[BlackElo "2558"]
[TimeControl "180+2"]
[EndTime "14:09:26 PST"]
[Termination "Khamrakulov_Djurabek won by resignation"]

1. d4 Nf6 2. Nf3 e6 3. e3 c5 4.
Bd3 b6 5. O-O Bb7 6. c4 Be7 7.
Nc3 cxd4 8. exd4 d5 9. cxd5 Nxd5 10. Ne5 O-O 11. Qh5 g6 12. Qh3 Nb4 13. Bc4 Qxd4 14. Re1 Nc2 15. Bh6 Nxa1 16. Bxf8 Bxf8 17. Bxe6 Bc5 18.
Re2 Qf4 19. Nd3 Qg5 20. Nxc5 Qc1+ 0-1

[Event "*** MasterClass Titled Tuesday Blitz"]
[Site "Chess.com"]
[Date "2017.11.07"]
[Round "1"]
[White "mikhaillushenkov"]
[Black "FrankieJay"]
[Result "1-0"]
[WhiteElo "2493"]
[BlackElo "2173"]
[TimeControl "180+2"]
[EndTime "14:09:35 PST"]
[Termination "mikhaillushenkov won by resignation"]

1. Nf3 Nf6 2. c4 g6 3. Nc3 Bg7 4. e4 d6 5. d4 O-O 6. Be2 e5 7. O-O Nc6 8. d5 Ne7 9. Ne1 Nd7 10. Be3 f5 11. f3 f4 12. Bf2 g5 13. a4 a5 14. Nd3 b6 15. b4 axb4 16. Nxb4 Nf6 17.
Nc6 Nxc6 18. dxc6 Qe8 19. Nd5 Rf7 20. a5 bxa5 21. Qa4 h5 22. Rfb1 g4 23. Bh4 Nxd5 24. cxd5 Bf6 25. Bxf6 Rxf6 26. Kh1 Rg6 27. Qd1 Qe7 28.
Qe1 g3 29. h3 Qh4 30. Bf1 Kh7 31. Rxa5 Rxa5 32. Qxa5 Bxh3 33. gxh3 g2+ 34. Bxg2 Rxg2 35. Kxg2 Qg3+ 36. Kf1 Qxf3+ 37. Ke1 Qxe4+ 38. Kd2 Qxb1 39. Qxc7+ Kg6 40. Qxd6+ Kf5 41. Qe6+ Ke4 42. Qg6+ 1-0

[Event "*** MasterClass Titled Tuesday Blitz"]
[Site "Chess.com"]
[Date "2017.11.07"]
[Round "1"]
[White "Swarnapuri"]
[Black "Shivagami"]
[Result "1-0"]
[WhiteElo "2461"]
[BlackElo "1975"]
[TimeControl "180+2"]
[EndTime "14:09:40 PST"]
[Termination "Swarnapuri won by resignation"]

1. d4 d5 2. Bf4 Nf6 3. e3 c5 4.
c3 Nc6 5. Nd2 Bf5 6. Ngf3 e6 7.
Qb3 Qd7 8. Nh4 Be7 9. Nxf5 exf5 10. dxc5 Bxc5 11. Be2 O-O 12. O-O Bd6 13. Bxd6 Qxd6 14. Rad1 Qe6 15. Nf3 Rfd8 16. Nd4 Nxd4 17. Rxd4 Rd7 18.
Rfd1 Rad8 19. h3 Ne4 20. Bf3 g5 21. Qa4 Nf6 22. Qxa7 h5 23. g3 g4 24. hxg4 hxg4 25. Bg2 Kg7 26. Qa4 Ne4 27. c4 Nc5 28. Qa3 b6 29.
cxd5 Qh6 30. Qc3 Kg6 31. b4 Na4 32. Qc2 b5 33. Rxg4+ Kf6 34. Rf4 Qg5 35. g4 1-0

[Event "*** MasterClass Titled Tuesday Blitz"]
[Site "Chess.com"]
[Date "2017.11.07"]
[Round "1"]
[White "saraswathii"]
[Black "krzyzan94"]
[Result "0-1"]
[WhiteElo "2293"]
[BlackElo "2567"]
[TimeControl "180+2"]
[EndTime "14:09:43 PST"]
[Termination "krzyzan94 won by resignation"]

1. e4 c5 2. Nf3 e6 3. d3 g6 4. g3 Bg7 5. Bg2 Nc6 6. O-O h5 7.
h4 Nge7 8. c3 d5 9. Qe2 b6 10.
exd5 Nxd5 11. Ng5 O-O 12. Nd2 Ba6 13. Rd1 Qd7 14. Nc4 Rad8 15. Bd2 b5 16. Ne3 b4 17. Rac1 Nde7 18. cxb4 Nxb4 19. Rxc5 Nxd3 20. Ra5 Nxb2 21.
Rxa6 Nxd1 22. Qxd1 Qxd2 23. Qxd2 Rxd2 24. Rxa7 Nf5 25.
Ne4 Rb2 26. Nc4 Rb1+ 27. Kh2 Nh6 28. f3 Nf5 29. a4 Rc8 30. Ncd2 Rb2 31. a5 Ne3 32. a6 Nxg2 33. Kxg2 f5 34. Rb7 fxe4 0-1

[Event "*** MasterClass Titled Tuesday Blitz"]
[Site "Chess.com"]
[Date "2017.11.07"]
[Round "1"]
[White "Mbneu"]
[Black "Dr-Bassem"]
[Result "0-1"]
[WhiteElo "2309"]
[BlackElo "2578"]
[TimeControl "180+2"]
[EndTime "14:09:50 PST"]
[Termination "Dr-Bassem won by resignation"]

1. d4 Nf6 2. c4 g6 3. Nc3 Bg7 4. e4 d6 5. f4 O-O 6. Nf3 c5 7.
d5 e6 8. Be2 exd5 9. cxd5 Nbd7 10. O-O Re8 11. Nd2 c4 12. Bf3 b5 13. a3 Nc5 14. Kh1 a6 15. e5 dxe5 16. fxe5 Rxe5 17.
b4 Nd3 18. a4 Rb8 19. axb5 axb5 20. Ra5 Bd7 21. Ba3 h5 22. Nde4 Nxe4 23. Nxe4 Rxd5 24. Nf6+ Qxf6 25. Bxd5 Nf2+ 26. Rxf2 Qxf2 27. Bc1 Bg4 28. Qg1 Qxg1+ 29. Kxg1 c3 30. Kf2 Bd4+ 31. Kg3 Bb6 32. Ra6 c2 33. Be4 Bd1 34. Ra3 Re8 35. Kf4 Bc7+ 36. Ke3 f5 0-1